 Dungeon Crawl Stone Soup version 0.30.1-9-gdf580d7c3d (webtiles) character file.

Game seed: 4224603328839195956

9779 Chiseanne the Thaumaturge (level 11, -9/70 HPs)
             Began as a Demonspawn Wanderer on Oct 5, 2023.
             Was a Priest of Vehumet.
             Killed themself with a badly aimed concussive blast (19 damage)
             ... on level 10 of the Dungeon.
             The game lasted 00:34:46 (9631 turns).

Chiseanne the Thaumaturge (Demonspawn Wanderer)     Turns: 9631, Time: 00:34:46

Health: -9/70      AC:  8    Str: 11    XL:     11   Next: 27%
Magic:  13/26      EV: 18    Int: 27    God:    Vehumet [***...]
Gold:   619        SH:  0    Dex: 11    Spells: 10/32 levels left

rFire   . . .        a - +4 club {** BADASS UGLY STICK **}
rCold   . . .        (no shield)
rNeg    . . .        C - +1 steam dragon scales
rPois   .            (helmet restricted)
rElec   .            f - +0 cloak
rCorr   .            k - +0 pair of gloves
SInv    .            (no boots)
Will    .....        r - amulet of regeneration
Stlth   ++           h - +6 ring of intelligence
HPRegen 1.11/turn    J - +5 ring of evasion
MPRegen 0.40/turn

%: no passive effects
@: no status effects
A: horns 2, repulsion field 1, magic regeneration, condensation shield
a: Renounce Religion


You were on level 10 of the Dungeon.
You worshipped Vehumet.
Vehumet was most pleased with you.
You visited 2 branches of the dungeon, and saw 11 of its levels.

You collected 619 gold pieces.

Inventory:

Hand Weapons
 a - a +4 club (weapon) {** BADASS UGLY STICK **}
 w - a +1 broad axe of flaming
 K - a +1 scimitar of flaming
 M - a +2 scimitar of freezing
 N - a +3 scimitar
Missiles
 d - 2 poisoned darts (quivered)
 e - 93 stones
 x - 8 boomerangs
 D - 4 datura-tipped darts
 F - 8 javelins
Armour
 f - a +0 cloak (worn)
 k - a +0 pair of gloves (worn)
 y - a +2 robe of willpower
 A - a +3 leather armour of willpower
 B - +1 swamp dragon scales
 C - +1 steam dragon scales (worn)
Magical Staves
 H - a staff of cold
Jewellery
 h - a +6 ring of intelligence (left hand)
 r - an amulet of regeneration (around neck)
 v - an amulet of the acrobat
 J - a +5 ring of evasion (right hand)
 L - an amulet of faith
Wands
 c - a wand of polymorph (22)
 m - a wand of flame (40)
 E - a wand of paralysis (12)
 I - a wand of acid (11)
Scrolls
 b - 4 scrolls of blinking
 l - 2 scrolls of immolation
 o - 2 scrolls of fog
 s - a scroll of magic mapping
 G - 2 scrolls of identify
 O - a scroll of amnesia {unknown}
Potions
 g - a potion of haste
 i - 3 potions of flight
 j - a potion of magic
 n - a potion of ambrosia
 p - 3 potions of brilliance
 q - 3 potions of mutation
 t - 2 potions of heal wounds
 u - 2 potions of lignification
 z - 2 potions of curing


   Skills:
 - Level 1.0 Fighting
 - Level 1.0 Armour
 - Level 1.0 Dodging
 - Level 1.7 Stealth
 * Level 11.0 Spellcasting
 - Level 7.0 Conjurations
 - Level 6.9 Fire Magic
 * Level 1.9 Ice Magic
 - Level 5.6 Air Magic
 - Level 5.0 Earth Magic


You had 10 spell levels left.
You knew the following spells:

 Your Spells              Type           Power      Damage    Failure   Level
a - Shock                 Conj/Air       100%       1d9       1%          1
b - Searing Ray           Conj           100%       2d8       1%          2
c - Volatile Blastmotes   Fire/Tloc      66%        2d15      1%          3
d - Mephitic Cloud        Conj/Pois/Air  37%        N/A       1%          3
e - Sandblast             Erth           82%        2d17      1%          1
f - Stone Arrow           Conj/Erth      94%        3d12      1%          3
g - Iskenderun's Mystic   Conj/Tloc      33%        2d8       2%          4
h - Freezing Cloud        Conj/Ice/Air   20%        6-21      4%          5

Your spell library contained the following spells:

 Spells                   Type           Power      Damage    Failure   Level
 Scorch                   Fire           100%       2d9       1%          2
 Poisonous Vapours        Pois/Air       60%        N/A       1%          2
 Frozen Ramparts          Ice            50%        1d8       1%          3
 Cigotuvi's Dreadful Rot  Necr/Pois/Air  48%        N/A       2%          2
 Fulminant Prism          Conj/Hex       16%        3d10      2%          4
 Summon Small Mammal      Summ           56%        N/A       3%          1
 Lee's Rapid Deconstruct  Erth           20%        3d12*     4%          5
 Call Canine Familiar     Summ           14%        N/A       12%         3
 Summon Guardian Golem    Hex/Summ       14%        N/A       12%         3
 Ice Form                 Ice/Tmut       20%        N/A       26%         4
 Summon Ice Beast         Ice/Summ       20%        N/A       26%         4
 Dispel Undead            Necr           14%        3d10      36%         4
 Death Channel            Necr           7%         N/A       99%         6


Dungeon Overview and Level Annotations

Branches:
Dungeon (10/15)            Temple (1/1) D:6            Lair (0/5) D:10
    Orc (0/2) D:10

Altars:
Ashenzari
Dithmenos
Fedhas
Gozag
Kikubaaqudgha
Nemelex Xobeh
Okawaru
Qazlal
Ru
Sif Muna
Trog
Uskayaw
Vehumet
Wu Jian
Xom

Shops:
D:10 (

Annotations:
D:2 Terence


Innate Abilities, Weirdness & Mutations

You have a pair of horns on your head.
You are surrounded by a mild repulsion field. (EV +2)
You regenerate magic rapidly.
A meltable shield of frost defends you. (SH +0)


Message History

A cloud of volatile blastmotes flares up around you!
The cloud of blastmotes explodes!
The concussive blast engulfs the death yak!
The death yak is lightly wounded.
The cloud of blastmotes explodes!
The concussive blast engulfs you!
Your condensation shield dissipates!
The concussive blast engulfs the death yak!
The death yak is moderately wounded.
You are knocked back by the blast.
The death yak is knocked back by the blast.
The cloud of blastmotes explodes!
The concussive blast engulfs you!!
You are knocked back by the blast.
Found the +4 skin of Zhor {*Englaciate rC+++ SInv}.
Casting: Volatile Blastmotes (safe; 1% risk of failure)
Confirm with . or Enter, or press ? or * to list all spells.
A cloud of volatile blastmotes flares up around you!
Casting: Volatile Blastmotes (safe; 1% risk of failure)
Confirm with . or Enter, or press ? or * to list all spells.
A cloud of volatile blastmotes flares up around you!
The rime drake hisses angrily.
The cloud of blastmotes explodes!
The concussive blast engulfs the death yak.
The death yak is moderately wounded.
The cloud of blastmotes explodes!
The concussive blast engulfs the death yak.
The death yak is lightly wounded.
The concussive blast engulfs the death yak!
The death yak is heavily wounded.
The death yak is knocked back by the blast.
Casting: Volatile Blastmotes (safe; 1% risk of failure)
Confirm with . or Enter, or press ? or * to list all spells.
A cloud of volatile blastmotes flares up around you!
The death yak gores you!! The death yak attacks as you move away!
The death yak gores you!
* * * LOW HITPOINT WARNING * * *
The cloud of blastmotes explodes!
The concussive blast engulfs the death yak!
The death yak is heavily wounded.
The concussive blast engulfs you!!
You die...

..##..#.#...#..#......
..##..##...Y.....#.[<.[
.##.k##....####....)###
##.k##.....##..........
#.k##..Y...#.......[...
..##..#................
..##..#................
..# #.Y...........∩...
#[ .#@................
####...............>...
#.#....................
.....##.................
........................
..............#.........
... .........##.........
#.# #<......#..........
##............†....


You could see 3 death yaks and 2 rime drakes.

Vanquished Creatures
  Erica (D:8)
  Pikel (D:6)
  Joseph (D:7)
  Maggie (D:6)
  Sigmund (D:6)
  2 wraiths
  20 yaks
  Grum (D:9)
  2 steam dragons
  Eustachio (D:6)
  4 vampire mosquitoes (D:10)
  A water moccasin (D:9)
  A sky beast (D:8)
  4 orc warriors
  An ogre (D:5)
  3 wolves (D:9)
  4 centaurs
  4 lemures (D:6)
  4 bullfrogs
  3 scorpions
  A wyvern zombie (D:5)
  5 wights
  2 water moccasin zombies (D:5)
  12 killer bees
  2 howler monkeys (D:9)
  2 bullfrog zombies (D:5)
  A centaur zombie (D:5)
  2 jellies
  3 bullfrog skeletons (D:5)
  3 orc priests
  3 hounds
  4 iguanas
  3 sleepcaps
  2 scorpion zombies (D:5)
  Natasha (thrice) (D:3)
  6 orc wizards
  A hell rat (D:10)
  A hound zombie (D:5)
  9 adders
  2 river rats (D:10)
  A shadow imp (D:6)
  2 white imps
  2 worms
  30 orcs
  5 ball pythons
  3 bats
  7 endoplasms
  10 giant cockroaches
  8 goblins
  3 hobgoblins
  4 jackals (D:3)
  A kobold (D:2)
  5 quokkas
  2 frilled lizards
  7 rats
217 creatures vanquished.

Notes
Turn   | Place    | Note
-------+----------+-------------------------------------------
     0 | D:1      | Chiseanne the Demonspawn Wanderer began the quest for the
                  | Orb.
     0 | D:1      | Chiseanne set off with the following items: a +0 dagger, a
                  | scroll of blinking, a +0 robe, a +0 helmet; and the
                  | following spells available to memorise: Sandblast, Shock,
                  | Poisonous Vapours, Cigotuvi's Dreadful Rot, Stone Arrow.
     0 | D:1      | Reached XP level 1. HP: 15/15 MP: 2/2
     3 | D:1      | Learned a level 1 spell: Sandblast
   255 | D:1      | Gained mutation: A meltable shield of frost defends you.
                  | (SH +0) [demonic ancestry]
   255 | D:1      | Reached XP level 2. HP: 21/21 MP: 1/4
  1266 | D:2      | Reached skill level 2 in Spellcasting
  1332 | D:2      | Noticed Terence
  1452 | D:2      | Gained mutation: You regenerate magic rapidly. [demonic
                  | ancestry]
  1452 | D:2      | Reached XP level 3. HP: 26/26 MP: 4/6
  1477 | D:2      | Learned a level 1 spell: Shock
  1895 | D:2      | Found a sacrificial altar of Ru.
  2356 | D:3      | Gained mutation: You have a pair of small horns on your
                  | head. [demonic ancestry]
  2356 | D:3      | Reached XP level 4. HP: 32/32 MP: 3/7
  2533 | D:3      | Found a faded altar of an unknown god.
  2537 | D:3      | Noticed Natasha
  2555 | D:3      | Killed Natasha
  2556 | D:3      | Reached skill level 3 in Spellcasting
  2669 | D:3      | Reached XP level 5. HP: 19/37 MP: 2/9
  2838 | D:3      | Noticed Natasha
  2845 | D:3      | Killed Natasha
  2934 | D:3      | Noticed Natasha
  2941 | D:3      | Killed Natasha
  3409 | D:4      | Reached skill level 4 in Spellcasting
  3409 | D:4      | Reached XP level 6. HP: 39/43 MP: 5/12
  3882 | D:4      | Found an ornate altar of the Wu Jian Council.
  3950 | D:5      | Entered Level 5 of the Dungeon
  4022 | D:5      | Reached skill level 5 in Earth Magic
  4102 | D:4      | Gained mutation: You are surrounded by a mild repulsion
                  | field. (EV +2) [demonic ancestry]
  4102 | D:4      | Reached XP level 7. HP: 48/48 MP: 12/14
  4146 | D:5      | Reached skill level 1 in Conjurations
  4149 | D:5      | Reached skill level 5 in Spellcasting
  4546 | D:5      | Reached skill level 6 in Spellcasting
  4546 | D:5      | Gained mutation: You have a pair of horns on your head.
                  | [demonic ancestry]
  4546 | D:5      | Reached XP level 8. HP: 53/54 MP: 12/17
  4550 | D:5      | Learned a level 3 spell: Volatile Blastmotes
  4554 | D:5      | Learned a level 3 spell: Mephitic Cloud
  4961 | D:6      | Found a staircase to the Ecumenical Temple.
  5009 | Temple   | Entered the Ecumenical Temple
  5085 | Temple   | Became a worshipper of Vehumet
  5116 | D:6      | Noticed Pikel
  5161 | D:5      | Learned a level 3 spell: Stone Arrow
  5342 | D:6      | Found an opulent altar of Gozag.
  5534 | D:6      | Noticed Sigmund
  5543 | D:6      | Killed Sigmund
  5544 | D:6      | Reached skill level 5 in Conjurations
  5569 | D:6      | Chiseanne: Fancy!
  5667 | D:6      | Noticed Eustachio
  5677 | D:6      | Killed Eustachio
  5708 | D:6      | Noticed Maggie
  5724 | D:6      | Killed Maggie
  5725 | D:6      | Reached skill level 7 in Spellcasting
  5725 | D:6      | Reached XP level 9. HP: 47/59 MP: 3/19
  6343 | D:6      | Killed Pikel
  6450 | D:6      | Reached skill level 5 in Air Magic
  6539 | D:7      | Noticed Joseph
  6557 | D:7      | Killed Joseph
  6558 | D:7      | Reached skill level 8 in Spellcasting
  6565 | D:7      | Reached * piety under Vehumet
  6565 | D:7      | Offered knowledge of Freeze by Vehumet.
  6726 | D:8      | Reached skill level 1 in Fire Magic
  7110 | D:7      | Reached XP level 10. HP: 63/65 MP: 11/22
  7441 | D:8      | Reached skill level 9 in Spellcasting
  7920 | D:8      | Noticed Erica
  7925 | D:8      | Killed Erica
  7926 | D:8      | Reached skill level 5 in Fire Magic
  8164 | D:9      | Reached skill level 10 in Spellcasting
  8164 | D:9      | Noticed Grum
  8215 | D:9      | Killed Grum
  8249 | D:9      | Offered knowledge of Searing Ray by Vehumet.
  8300 | D:9      | Learned a level 2 spell: Searing Ray
  8360 | D:9      | Reached ** piety under Vehumet
  8491 | D:9      | Reached XP level 11. HP: 55/70 MP: 6/25
  8822 | D:9      | Found a broken altar of Ashenzari.
  9094 | D:10     | Entered Level 10 of the Dungeon
  9104 | D:10     | Noticed a death yak
  9106 | D:10     | Noticed a death yak
  9106 | D:10     | Noticed a death yak
  9108 | D:10     | Found a staircase to the Lair.
  9215 | D:10     | Found Ithrestuth's Weapon Emporium.
  9234 | D:9      | Offered knowledge of Scorch by Vehumet.
  9279 | D:9      | Learned a level 4 spell: Iskenderun's Mystic Blast
  9285 | D:9      | Learned a level 5 spell: Freezing Cloud
  9346 | D:10     | Reached skill level 1 in Ice Magic
  9430 | D:10     | Reached *** piety under Vehumet
  9452 | D:10     | Found a staircase to the Orcish Mines.
  9557 | D:10     | Reached skill level 11 in Spellcasting
  9622 | D:10     | Found the +4 skin of Zhor {*Englaciate rC+++ SInv}
  9631 | D:10     | Killed themself with a badly aimed concussive blast

Illustrated notes

Levels and vault maps discovered:
D:1:      lightli_arrival_statuegarden, layout_basic
D:2:      layout_basic, basic_altar, uniq_terence
D:3:      layout_basic, nicolae_elyvilon_peaceful_grove,
          hellmonk_ecumenical_altar_run_dry, uniq_natasha
D:4:      layout_cave_pools, nicolae_wu_jian_wuxing_cycle
D:5:      nicolae_BIG_FREAKIN_CUBE, layout_loops_cross, serial_undead,
          serial_undead_a, serial_undead_d, serial_undead_f, serial_undead_f,
          minmay_crossroads
D:6:      hellmonk_crumbling_castle, layout_basic, grunt_gozag_breadcrumbs,
          minmay_temple_entry_mist, uniq_maggie, uniq_pikel, uniq_eustachio,
          uniq_sigmund
D:7:      layout_basic, uniq_joseph
D:8:      layout_rooms, uniq_erica
D:9:      layout_rooms, nicolae_ashenzari_panopticon, roderic_roman_lattice,
          minmay_misc_feat_rugged, uniq_grum
D:10:     layout_cave_pools, gammafunk_temple_overflow_claw,
          mainiacjoe_overflow_small_starburst, dpeg_lair_monsters, orc_david_3,
          hellmonk_guarded_unrand_zhor
Temple:   zaba_magenta_temple

Skill      XL: |  1  2  3  4  5  6  7  8  9 10 11 |
---------------+----------------------------------+-----
Earth Magic    | 2 3 4 5 |  5.0
Spellcasting   | 2 3 4 6 7 8 10 11 | 11.0
Conjurations   | 3 5 7 |  7.0
Air Magic      | 4 5 |  5.6
Fire Magic     | 2 6 |  6.9
Ice Magic      | 1 |  1.9
Fighting       | |  1.0
Armour         | |  1.0
Dodging        | |  1.0
Stealth        | |  1.7

Action                     |  1- 3 |  4- 6 |  7- 9 | 10-12 || total
---------------------------+-------+-------+-------+-------++-------
  Melee: Dagger            |    17 |       |       |       ||    17
         Club              |     3 |    12 |    27 |    26 ||    68
         Headbutt          |       |     2 |     8 |    15 ||    25
         Unarmed           |       |       |     4 |       ||     4
         Punch             |       |       |     1 |     1 ||     2
  Throw: Dart              |       |       |     2 |       ||     2
   Cast: Sandblast         |    45 |    62 |    61 |       ||   168
         Shock             |    30 |    82 |   106 |    65 ||   283
         Stone Arrow       |       |       |    50 |    36 ||    86
         Mephitic Cloud    |       |       |    10 |    28 ||    38
         Searing Ray       |       |       |       |    48 ||    48
         Volatile Blastmot |       |       |       |    15 ||    15
    Use: Scroll            |     8 |     7 |     7 |     3 ||    25
         Potion            |       |       |     2 |       ||     2
   Stab: Sleeping          |     1 |       |       |       ||     1
         Confused          |       |       |     3 |     1 ||     4
 Armour: Robe              |    16 |    17 |     7 |       ||    40
         Steam dragon scal |       |       |    14 |    24 ||    38
  Dodge: Dodged            |    29 |    36 |    52 |   100 ||   217
  Block: Other             |     5 |    12 |    19 |    16 ||    52
